 Dungeon Crawl Stone Soup version 0.24.0-13-gcf9b319 (webtiles) character file.

Game seed: 16427491823666095499, levelgen mode: deterministic

194 Fang the Skirmisher (level 5, -2/34 HPs)
             Began as a Gargoyle Berserker on Dec 6, 2019.
             Was a Believer of Trog.
             Slain by a gnoll shaman
             ... wielding a +0 whip
              (5 damage)
             ... on level 4 of the Dungeon.
             The game lasted 00:05:47 (2784 turns).

Fang the Skirmisher (Gargoyle Berserker)            Turns: 2784, Time: 00:05:48

Health: -2/34      AC:  6    Str: 21    XL:     5   Next: 73%
Magic:  5/5        EV: 12    Int:  8    God:    Trog [**....]
Gold:   310        SH:  0    Dex:  9    Spells: 4/4 levels left

rFire    . . .     SeeInvis .   a - +0 hand axe
rCold    . . .     Gourm    .   (no shield)
rNeg     + . .     Faith    .   b - +0 animal skin
rPois    ∞         Spirit   .   (no helmet)
rElec    +         Reflect  .   (no cloak)
rCorr    .         Harm     .   (no gloves)
MR       .....                  (no boots)
Stlth    +.........             (no amulet)
HPRegen  0.11/turn              t - ring of flight
MPRegen  0.09/turn              (no ring)

@: berserk cooldown, slowed, very slow
A: negative energy resistance 1, electricity resistance, unbreathing,
petrification resistance, rot immunity, AC +4
a: Berserk, Trog's Hand, Renounce Religion, Evoke Flight


You were on level 4 of the Dungeon.
You worshipped Trog.
Trog was pleased with you.
You were near starving.

You visited 1 branch of the dungeon, and saw 4 of its levels.

You collected 310 gold pieces.

Inventory:

Hand Weapons
 a - a +0 hand axe (weapon)
Armour
 b - a +0 animal skin (worn)
Jewellery
 t - a ring of flight (left hand)
Wands
 u - a wand of polymorph (5)
Scrolls
 d - a scroll of magic mapping {unknown}
 e - 2 scrolls of fog {unknown}
 g - 2 scrolls of remove curse {unknown}
 h - 2 scrolls of teleportation {unknown}
 k - 4 scrolls of identify {unknown}
 m - 2 scrolls of random uselessness {unknown}
 r - 2 scrolls of enchant weapon {unknown}
Potions
 f - 2 potions of invisibility {unknown}
 i - a potion of brilliance {unknown}
 j - 2 potions of haste {unknown}
 l - a potion of resistance {unknown}
 n - 2 potions of heal wounds {unknown}
 o - a potion of agility {unknown}
 p - a potion of might {unknown}
 q - a potion of magic {unknown}
 s - 2 potions of mutation {unknown}
 v - a potion of flight {unknown}
Comestibles
 c - 12 rations
 w - 15 chunks of flesh


   Skills:
 + Level 4.4 Fighting
 + Level 3.6 Axes
 + Level 3.6 Armour
 + Level 2.7 Dodging


You had 4 spell levels left.
You didn't know any spells.
Your spell library was empty.

Dungeon Overview and Level Annotations

Branches:
Dungeon (4/15)
 Temple: D:4-7

Altars:
Okawaru
Qazlal
Beogh


Innate Abilities, Weirdness & Mutations

You are resistant to torment.
Your stone body is resilient. (AC +4)
You are immune to poison.
You resist negative energy. (rN+)
You are resistant to electric shocks. (rElec)
You can survive without breathing.
You are immune to petrification.
You are immune to rotting.


Message History

The gnoll shaman hits you but does no damage.
The gnoll shaman calls upon its god to heal the gnoll shaman.
The gnoll shaman is healed somewhat.
The gnoll shaman hits you but does no damage.
The gnoll shaman hits you with a +0 whip.
* * * LOW HITPOINT WARNING * * *
The gnoll shaman hits you but does no damage.
The gnoll shaman barely misses you.
You are too injured to fight recklessly!
You hit the gnoll shaman.
The gnoll shaman is moderately wounded.
You hit the gnoll shaman.
The gnoll shaman hits you but does no damage. x2
The gnoll shaman misses you. The gnoll shaman barely misses you.
You are too injured to fight recklessly!
You barely miss the gnoll shaman.
The gnoll shaman is moderately wounded.
You closely miss the gnoll shaman.
The gnoll shaman hits you with a +0 whip.
You die...

........................... #.g #
≈≈≈≈≈≈≈≈≈≈≈≈....≈≈≈≈≈≈≈≈≈≈≈≈#####
≈≈≈≈≈≈≈≈≈≈≈≈..(.≈≈≈≈≈≈≈≈≈≈≈≈≈≈≈≈≈
≈≈≈≈≈≈≈≈≈≈≈≈)?%.≈≈≈≈≈≈≈≈ ≈≈≈≈≈≈≈≈
..÷÷..........÷......... ........
...÷.####......gg.....## ..#.###.
.###.#......####g##..... #.#.# ##
#....#...# #g##..##+ #.## #
#...###...# #@g...# #.##
...........######.# #...
..#.).).#..# ###. !##.._..##.# #.
#. .).). #. # ## # ####### #
....... #######


You could see 2 gnoll shamans and 3 gnolls.

Vanquished Creatures
  A centaur skeleton (D:4)
  4 gnolls (D:4)
  3 adders
  An adder skeleton (D:4)
  4 dart slugs
  5 leopard geckos
  An orc (D:4)
  A ball python (D:2)
  9 bats
  2 giant cockroaches (D:1)
  9 hobgoblins
  17 jackals (D:4)
  A quokka (D:4)
  3 frilled lizards
  7 goblins
  7 kobolds
  6 rats
81 creatures vanquished.

Notes
Turn   | Place    | Note
-------+----------+-------------------------------------------
     0 | D:1      | Fang the Gargoyle Berserker began the quest for the Orb.
     0 | D:1      | Reached XP level 1. HP: 14/14 MP: 1/1
   103 | D:1      | Found a roughly hewn altar of Beogh.
   103 | D:1      | Noticed an orc warrior
   110 | D:1      | Reached XP level 2. HP: 12/19 MP: 2/2
   563 | D:1      | Reached XP level 3. HP: 23/23 MP: 3/3
   921 | D:2      | Found a stormy altar of Qazlal.
   989 | D:2      | Reached ** piety under Trog
  1143 | D:2      | Reached XP level 4. HP: 29/29 MP: 4/4
  2095 | D:3      | Reached skill level 4 in Fighting
  2315 | D:4      | Reached XP level 5. HP: 10/33 MP: 5/5
  2726 | D:4      | Found an iron altar of Okawaru.
  2784 | D:4      | Slain by a gnoll shaman

Levels and vault maps discovered:
D:1:      erik_arrival_cave_to_civilisation [erik_arrival_cave_to_temple],
          layout_basic
D:2:      layout_rooms, first_ration, grunt_qazlal_sundering
D:3:      layout_basic, hangedman_decor_slide_cut
D:4:      lemuel_castle_with_subvaults [lemuel_castle_interior_carwin_3],
          layout_loops_ring, kennysheep_mini, lemuel_zombie_altar_yredelemnul,
          lemuel_blue_sif_altar, nicolae_overflow_hidden_temple, bloody_trog,
          kennysheep_mini_moat, minmay_misc_feat_room, okawaru_ov_weapons_minmay

Skill      XL: |  1  2  3  4 |
---------------+-------------+-----
Axes           | 3 |  3.6
Dodging        | 2 |  2.7
Armour         | 3 |  3.6
Fighting       | 4 |  4.4

Action                   |  1- 3 |  4- 6 || total
-------------------------+-------+-------++-------
Melee: Hand axe          |   107 |   164 ||   271
Invok: Berserk           |     1 |     1 ||     2
       Trog's Hand       |       |     1 ||     1
 Stab: Sleeping          |       |     1 ||     1
  Eat: Chunk             |     2 |     5 ||     7
Armor: Animal skin       |    51 |    83 ||   134
Dodge: Dodged            |    71 |   176 ||   247
